Map: Dusk Towers

Players

Miszu - Winner!

  • Race: Zerg Zerg
  • League: Master

BigNoob

  • Race: Protoss Protoss
  • League: Master

VOD

Have the link to the VOD?

Description

Time

  • Played on: June 26, 2016, 7:54 a.m.
  • Length: 14:41
Show
View Real Time Build Order
Export as new Build Order

Miszu Zerg - Winner!

Build Orders: Hatch First, Lurkers 

Get SALT Encoding   

  12  0:01  Drone  
  13  0:12  Overlord  
  13  0:17  Drone  
  14  0:30  Drone x2  
  16  0:37  Drone  
  17  0:53  Hatchery  
  17  0:56  Drone  
  17  1:01  Extractor, Drone  
  17  1:15  Spawning Pool  
  17  1:18  Drone  
  17  1:28  Drone  
  18  1:34  Drone  
  18  1:39  Drone  
  20  1:51  Overlord  
  20  2:01  Hatchery  
  20  2:05  Metabolic Boost  
  19  2:14  Queen  
  21  2:24  Queen  
  21  2:29  Drone  
  24  2:30  Drone  
  24  2:34  Drone  
  26  2:37  Drone  
  26  2:42  Drone  
  26  2:43  Drone  
  29  2:47  Drone  
  30  2:52  Drone  
  30  2:54  Drone  
  30  2:58  Overlord  
  32  3:03  Zergling x2  
  33  3:07  Zergling x2  
  33  3:12  Zergling x2  
  33  3:14  Zergling x2  
  33  3:18  Zergling x2  
  32  3:27  Zergling x8  
  32  3:29  Zergling x2  
  34  3:38  Drone x3  
  36  3:44  Drone x2  
  38  3:55  Spore Crawler  
  37  3:57  Spore Crawler  
  33  4:03  Drone x3  
  32  4:11  Drone  
  32  4:15  Drone  
  32  4:21  Drone  
  32  4:23  Drone  
  33  4:24  Drone  
  34  4:33  Drone x2  
  34  4:34  Drone  
  34  4:36  Drone  
  36  4:46  Spore Crawler  
  36  4:47  Drone x3  
  36  4:50  Drone  
  36  4:52  Drone  
  40  4:57  Drone x2  
  40  4:59  Drone  
  43  5:03  Baneling Nest  
  43  5:05  Drone  
  43  5:12  Drone x3  
  43  5:13  Drone  
  47  5:19  Overlord, Drone  
  48  5:23  Drone  
  48  5:25  Overlord  
  48  5:26  Overlord  
  49  5:35  Zergling x2  
  50  5:37  Queen  
  50  5:38  Zergling x6  
  50  5:39  Zergling x2  
  56  5:45  Zergling x8  
  56  5:47  Baneling x3  
  56  5:48  Baneling x2  
  56  5:49  Baneling x2  
  60  5:51  Baneling  
  60  5:58  Extractor, Lair  
  60  6:00  Baneling  
  60  6:01  Baneling  
  59  6:04  Drone x2  
  54  6:25  Drone x2  
  54  6:26  Drone x12  
  65  6:39  Drone x4  
  65  6:52  Evolution Chamber  
  64  6:54  Evolution Chamber  
  64  6:56  Overlord  
  64  6:58  Hydralisk Den  
  64  7:00  Zergling x16  
  70  7:03  Extractor  
  70  7:04  Overlord  
  70  7:05  Extractor  
  68  7:15  Drone  
  68  7:16  Drone x2  
  68  7:17  Drone x3  
  74  7:28  Baneling x4  
  74  7:29  Baneling  
  74  7:36  Centrifical Hooks  
  74  7:38  Drone  
  74  7:39  Extractor x2, Drone x3  
  76  7:44  Drone  
  76  7:45  Drone x2  
  76  7:51  Muscular Augments  
  79  7:55  Hydralisk  
  79  7:57  Zergling x18  
  90  8:03  Overlord  
  90  8:05  Overlord  
  90  8:09  Overlord  
  90  8:12  Hatchery  
  89  8:21  Hydralisk x4  
  89  8:26  Hydralisk x3  
  99  8:33  Zerg Melee Weapons Level 1  
  103  8:36  Zerg Ground Armor Level 1  
  103  8:38  Hydralisk  
  105  8:41  Hydralisk  
  105  8:44  Hydralisk  
  105  8:47  Hydralisk  
  111  8:50  Hydralisk  
  111  8:53  Zergling x2  
  111  8:54  Overlord x2  
  114  9:01  Baneling x4  
  114  9:02  Baneling x2  
  113  9:11  Lurker Den  
  113  9:15  Overlord x2  
  113  9:17  Hydralisk x3  
  119  9:25  Queen  
  119  9:31  Hydralisk x2  
  121  9:36  Zergling x16  
  133  9:38  Overlord  
  133  9:41  Overlord  
  133  9:46  Burrow  
  133  9:48  Hydralisk x2  
  136  9:55  Pneumatized Carapace  
  136  9:56  Hydralisk  
  136  9:57  Hydralisk  
  136  9:58  Baneling  
  136  9:59  Baneling x3  
  140  10:08  Hydralisk  
  140  10:09  Hydralisk x2  
  140  10:11  Hydralisk  
  140  10:12  Hydralisk  
  150  10:19  Hydralisk  
  150  10:20  Hydralisk x2  
  156  10:26  Hydralisk  
  158  10:29  Zergling x2  
  159  10:38  Overseer  
  159  10:43  Overlord x5  
  159  10:57  Lurker  
  159  11:03  Lurker x5  
  165  11:07  Drone x6  
  165  11:08  Drone x5  
  176  11:13  Lurker  
  176  11:14  Overseer  
  178  11:18  Lurker  
  178  11:22  Extractor  
  178  11:25  Hatchery  
  176  11:30  Zerg Missile Weapons Level 1  
  176  11:37  Extractor  
  175  11:40  Lurker x2  
  175  11:43  Zergling x22  
  175  11:44  Zergling x14  
  191  12:00  Hydralisk  
  191  12:01  Hydralisk x3  
  193  12:05  Zerg Ground Armor Level 2  
  199  12:15  Infestation Pit  
  191  12:29  Hydralisk x8  
  142  12:30  Hydralisk x3  
  142  12:33  Zergling x4  
  142  12:36  Zergling x4  
  142  12:37  Zergling x2  
  152  12:43  Zergling x10  
  147  13:06  Zergling x22  
  142  13:15  Hydralisk  
  142  13:16  Hydralisk x6  
  142  13:19  Baneling x4  
  156  13:20  Baneling x2  
  156  13:34  Lurker x8  
  160  13:35  Lurker  
  160  13:38  Overlord  
  160  13:40  Hydralisk  
  167  13:41  Hydralisk  
  167  13:47  Baneling x7  
  169  13:59  Hydralisk  
  169  14:00  Hydralisk x4  
  179  14:03  Zergling x4  
  176  14:11  Hydralisk x3  
  176  14:13  Hydralisk  
  184  14:23  Zergling x2  
  184  14:24  Zergling x14  
Show
View Real Time Build Order
Export as new Build Order

BigNoob Protoss 

Build Orders: Oracle Opening 

Get SALT Encoding   

  12  0:01  Probe (Chrono Boost)  
  13  0:12  Probe (Chrono Boost)  
  14  0:17  Pylon  
  14  0:22  Probe (Chrono Boost)  
  15  0:36  Probe (Chrono Boost)  
  15  0:39  Gateway  
  16  0:46  Probe (Chrono Boost)  
  17  0:50  Assimilator  
  18  0:57  Probe (Chrono Boost)  
  18  0:58  Assimilator  
  18  1:08  Gateway  
  19  1:11  Probe (Chrono Boost)  
  19  1:22  Probe (Chrono Boost)  
  20  1:26  Cybernetics Core  
  20  1:32  Probe (Chrono Boost)  
  21  1:40  Pylon  
  21  1:43  Probe (Chrono Boost)  
  22  1:53  Probe (Chrono Boost)  
  23  2:04  Adept x2 (Chrono Boost), Warp Gate (Chrono Boost)  
  27  2:15  Stargate  
  27  2:17  Probe  
  28  2:45  Nexus  
  28  2:49  Pylon  
  28  2:58  Oracle (Chrono Boost)  
  31  3:20  Probe  
  31  3:21  Stalker x2  
  34  3:46  Probe  
  33  3:53  Gateway  
  33  3:54  Gateway  
  33  3:56  Twilight Council  
  33  4:15  Probe  
  31  4:20  Pylon  
  31  4:21  Sentry x2, Pylon  
  33  4:24  Pylon  
  33  4:26  Probe  
  33  4:27  Mothership Core  
  34  4:36  Probe  
  35  4:48  Probe  
  35  4:49  Probe, Resonating Glaives (Chrono Boost)  
  37  4:56  Adept x4  
  45  5:00  Probe x2  
  47  5:10  Probe  
  47  5:12  Probe  
  49  5:20  Adept x3  
  55  5:21  Adept, Probe  
  55  5:25  Probe  
  59  5:39  Nexus  
  59  5:41  Pylon  
  59  5:45  Pylon  
  59  5:48  Pylon  
  59  5:50  Probe  
  59  5:54  Adept  
  62  5:58  Probe  
  62  5:59  Assimilator  
  63  6:04  Assimilator  
  51  6:39  Adept, Probe x2  
  54  6:40  Adept x3  
  57  6:49  Probe  
  57  6:51  Probe  
  59  6:54  Gateway  
  59  6:56  Gateway  
  59  6:57  Charge (Chrono Boost)  
  59  6:58  Gateway  
  59  7:00  Gateway, Sentry  
  59  7:01  Sentry x2, Probe  
  65  7:02  Probe  
  65  7:03  Probe  
  68  7:11  Probe  
  68  7:12  Adept, Probe  
  68  7:15  Probe  
  73  7:22  Probe  
  73  7:23  Probe  
  73  7:25  Pylon  
  73  7:29  Pylon  
  75  7:31  Robotics Facility  
  75  7:35  Probe x2  
  75  7:36  Robotics Facility  
  76  7:39  Probe  
  78  7:50  Templar Archives  
  78  7:51  Probe  
  78  7:52  Probe  
  78  7:55  Assimilator  
  80  7:59  Probe  
  80  8:00  Assimilator  
  80  8:01  Probe  
  80  8:03  Zealot  
  80  8:04  Probe, Zealot x2  
  89  8:10  Probe  
  89  8:12  Probe  
  90  8:14  Phoenix  
  90  8:16  Probe  
  94  8:21  Probe  
  94  8:24  Immortal x2 (Chrono Boost)  
  103  8:32  Probe  
  104  8:38  High Templar x2  
  104  8:39  Forge  
  108  8:41  Pylon  
  108  8:42  Archon  
  108  8:44  Zealot x2  
  108  8:45  Pylon, Zealot  
  114  8:57  Immortal x2 (Chrono Boost)  
  122  9:03  Pylon  
  122  9:10  High Templar x2  
  122  9:13  Protoss Ground Weapons Level 1 (Chrono Boost)  
  122  9:16  Archon  
  126  9:22  Zealot x2  
  126  9:23  Zealot x4  
  138  9:39  Pylon  
  138  9:52  Immortal x2  
  138  9:53  Pylon  
  138  9:54  Pylon  
  138  9:59  Gateway  
  146  10:00  Nexus  
  146  10:02  Gateway  
  146  10:03  Pylon  
  146  10:07  Psionic Storm  
  146  10:11  High Templar x2  
  150  10:14  High Templar  
  150  10:17  Zealot  
  154  10:24  High Templar  
  154  10:25  Zealot x3  
  162  10:29  Observer x2  
  164  10:45  Immortal  
  164  10:51  Assimilator  
  168  10:57  Assimilator  
  168  10:59  High Templar x2, Pylon, Protoss Ground Weapons Level 2 (Chrono Boost)  
  168  11:04  Pylon  
  172  11:05  Blink  
  172  11:06  Archon  
  172  11:07  Immortal, Pylon  
  176  11:29  Stalker x4  
  184  11:42  Warp Prism  
  184  11:43  Nexus  
  184  11:44  Pylon  
  184  11:45  High Templar x2  
  190  11:48  Assimilator  
  190  11:52  Assimilator  
  190  11:53  Archon  
  190  11:54  High Templar  
  190  11:55  High Templar  
  190  11:59  Archon  
  190  12:00  Zealot x3  
  132  12:33  Immortal x2  
  132  12:35  Zealot x3  
  132  12:36  Zealot x6  
  132  12:37  Zealot  
  148  12:57  High Templar x6  
  160  13:01  Archon x3  
  152  13:07  Immortal x2  
  140  13:18  High Templar x2  
  140  13:19  Zealot x2  
  136  13:42  High Templar x2  
  136  13:43  Observer, Zealot x5  
  136  13:44  Observer, Zealot  
  137  14:22  Zealot x3  
  137  14:23  Zealot x6  
  137  14:24  Zealot  
Tags
 
Add a new tag
Caveats
  • Supply blocks, unpowered buildings, or Contaminate may cause inaccurate times.
  • Supply counts are checked every 10 seconds.